 Dungeon Crawl Stone Soup version 0.30-a0-948-g4fa250aae5 (webtiles) character file.

Game seed: 14965792156995573595

2237023 Khashishi the Intangible (level 27, 131/161 HPs)
             Began as a Felid Delver on Mar 19, 2023.
             Was an Initiate of Gozag.
             Escaped with the Orb
             ... and 4 runes on Mar 26, 2023!
             The game lasted 15:18:58 (77970 turns).

Khashishi the Intangible (Felid Delver)            Turns: 77970, Time: 15:18:58

Health: 131/161    AC: 28    Str:  8    XL:     27
Magic:  27/46      EV: 46    Int: 22    God:    Gozag
Gold:   11812      SH:  0    Dex: 23    Spells: 4/62 levels left
                                        Lives:  1   Deaths: 2

rFire   + + .      SeeInvis +      - Unarmed
rCold   + . .      Faith    .    (shield unavailable)
rNeg    + + +      Spirit   .    (body armour unavailable)
rPois   ∞          Reflect  .    (helmet unavailable)
rElec   +          Rampage  .    (cloak unavailable)
rCorr   +                        (gloves unavailable)
Will    ++++.                    (boots unavailable)
Stlth   +++                      K - amulet "Kempah" {rF++ rN+ Regen+}
HPRegen 1.26/turn                p - ring of Isoviqa {Fly rElec rCorr Slay+2}
MPRegen 0.30/turn                X - ring "Acycustu" {rPois rF- rN++ Int+6 Dex-2 Slay+4}

@: statue-form, flying, very slow
A: slow and powerful, torment resistance 1, boosted hp, very small, claws 1,
fangs 3, see invisible, (speed 1), (shaggy fur 3), stealthy paws, no weapons or
thrown items, no armour, multi-lived, horns 1, cold resistance 1, deterioration
1, dopey 1, fire resistance 1, frail 1, no potion heal 1
0: Orb of Zot
}: 4/15 runes: decaying, serpentine, slimy, silver
a: End Transformation, Renounce Religion, Potion Petition, Call Merchant, Bribe
Branch


You escaped.
You worshipped Gozag.
Gozag was extremely pleased with you.
You were a living statue of rough stone.
You visited 12 branches of the dungeon, and saw 54 of its levels.
You visited the Abyss 1 time.
You also visited: Ossuary, Bailey, Gauntlet, Ice Cave and Wizlab.

You collected 36437 gold pieces.
You spent 7767 gold pieces at shops.
You paid 16858 gold pieces to Gozag.

Inventory:

Hand Weapons
 A - a +0 scimitar
 Y - a +8 club
Jewellery
 b - the ring of the Fiend {Ice Will+}
   (You took it off a deep elf annihilator on level 3 of the Elven Halls)

   [ring of ice]

   It enhances your ice magic.
   rF:        It makes you vulnerable to fire.
   rC:        It protects you from cold.
   Will:      It increases your willpower.
 p - the ring of Isoviqa (left paw) {Fly rElec rCorr Slay+2}
   (You found it in a Gauntlet)

   [ring of flight]

   Slay:      It affects your accuracy & damage with ranged weapons and melee
   (+2).
   rElec:     It insulates you from electricity.
   Fly:       It grants you flight.
   rCorr:     It protects you from acid and corrosion.
 r - a ring of wizardry
 t - the ring of Maigg {rC+ Will+ rCorr Slay-6}
   (You found it on level 3 of the Dungeon)

   [ring of willpower]

   Slay:      It affects your accuracy & damage with ranged weapons and melee
   (-6).
   rC:        It protects you from cold.
   rCorr:     It protects you from acid and corrosion.
   Will:      It increases your willpower.
 y - the amulet "Wasis" {Acrobat Fly Will- Regen+ rCorr}
   (You took it off a vault warden on level 5 of the Vaults)

   [amulet of the acrobat]

   It increases your evasion while moving and waiting.
   Fly:       It grants you flight.
   Regen:     It increases your rate of health regeneration.
   rCorr:     It protects you from acid and corrosion.
   Will:      It decreases your willpower.
 I - the ring "Gepyrell" {Fire rCorr Str+2 Dex+3 Stlth+}
   (You found it on level 3 of the Realm of Zot)

   [ring of fire]

   It enhances your fire magic.
   Str:       It affects your strength (+2).
   Dex:       It affects your dexterity (+3).
   rF:        It protects you from fire.
   rC:        It makes you vulnerable to cold.
   rCorr:     It protects you from acid and corrosion.
   Stlth:     It makes you more stealthy.
 K - the amulet "Kempah" (around neck) {rF++ rN+ Regen+}
   (You bought it in a shop on level 2 of the Orcish Mines)

   [amulet of regeneration]

   rF:        It greatly protects you from fire.
   rN:        It protects you from negative energy.
   Regen:     It increases your rate of health regeneration.
 T - a ring of protection from fire
 U - the amulet of the Empire {Faith Drain rElec rC++ SInv}
   (You took it off an ironbound convoker on level 4 of the Vaults)

   [amulet of faith]

   It allows you to gain divine favour quickly.
   rC:        It greatly protects you from cold.
   rElec:     It insulates you from electricity.
   SInv:      It lets you see invisible.
   Drain:     It drains your maximum health when unequipped.
 X - the ring "Acycustu" (right paw) {rPois rF- rN++ Int+6 Dex-2 Slay+4}
   (You took it off a tengu reaver on level 5 of the Vaults)

   [ring of intelligence]

   Int:       It affects your intelligence (+6).
   Dex:       It affects your dexterity (-2).
   Slay:      It affects your accuracy & damage with ranged weapons and melee
   (+4).
   rF:        It makes you vulnerable to fire.
   rPois:     It protects you from poison.
   rN:        It greatly protects you from negative energy.
Wands
 e - a wand of digging (1)
 o - a wand of light (19)
 B - a wand of roots (15)
 O - a wand of flame (12)
 Q - a wand of polymorph (7)
 R - a wand of paralysis (36)
Scrolls
 a - 6 scrolls of fog
 c - 4 scrolls of fear
 i - 5 scrolls of butterflies
 m - 16 scrolls of teleportation
 q - 4 scrolls of blinking
 s - 9 scrolls of immolation
 G - 7 scrolls of silence
 L - 4 scrolls of magic mapping
 M - 9 scrolls of vulnerability
 N - a scroll of amnesia
 P - 7 scrolls of poison
Potions
 f - 19 potions of mutation
 g - 19 potions of curing
 h - 9 potions of flight
 j - 2 potions of haste
 k - 7 potions of ambrosia
 l - a potion of resistance
 u - 4 potions of magic
 w - 4 potions of attraction
 z - 5 potions of brilliance
 D - 9 potions of lignification
 E - 3 potions of berserk rage
 F - a potion of might
 H - 11 potions of cancellation
 S - 5 potions of heal wounds
Miscellaneous
 d - the horn of Geryon (inert)
 n - a box of beasts
 v - a phantom mirror
 x - a piece from Xom's chessboard (15/15)
 C - a condenser vane
 J - a tin of tremorstones (2/2)
 V - a lightning rod (4/4)
 W - a phial of floods


   Skills:
 + Level 21.9 Fighting
 O Level 27 Dodging
 - Level 20.0 Stealth
 - Level 19.0 Unarmed Combat
 + Level 18.0 Spellcasting
 - Level 21.0 Summonings
 - Level 16.0 Translocations
 - Level 16.0 Transmutations
 - Level 5.0 Ice Magic
 - Level 3.0 Air Magic
 - Level 10.0 Earth Magic
 + Level 21.6 Evocations


You had 4 spell levels left.
You knew the following spells:

 Your Spells              Type           Power      Damage    Failure   Level
a - Ozocubu's Armour      Ice            41%        N/A       1%          3
b - Blink                 Tloc           100%       N/A       0%          2
c - Summon Forest         Summ/Tloc      39%        N/A       1%          5
d - Summon Ice Beast      Ice/Summ       67%        N/A       1%          4
e - Vhi's Electric Charg  Tloc/Air       100%       N/A       1%          3
f - Ice Form              Ice/Tmut       60%        N/A       1%          4
g - Malign Gateway        Summ/Tloc      39%        N/A       1%          7
h - Summon Horrible Thin  Summ           42%        N/A       3%          8
p - Petrify               Tmut/Erth      67%        N/A       1%          4
s - Statue Form           Tmut/Erth      44%        N/A       1%          6
C - Summon Cactus Giant   Summ           42%        N/A       1%          6
D - Dispersal             Tloc           37%        N/A       1%          6

Your spell library contained the following spells:

 Spells                   Type           Power      Damage    Failure   Level
 Apportation              Tloc           100%       N/A       0%          1
 Summon Small Mammal      Summ           100%       N/A       0%          1
 Call Imp                 Summ           84%        N/A       0%          2
 Lesser Beckoning         Tloc           100%       N/A       0%          2
 Call Canine Familiar     Summ           84%        N/A       0%          3
 Shock                    Conj/Air       100%       1d9       1%          1
 Momentum Strike          Conj/Tloc      100%       3d10      1%          2
 Frozen Ramparts          Ice            82%        1d13      1%          3
 Ignite Poison            Fire/Tmut/Pois 43%        N/A       1%          3
 Kindle Blastsparks       Fire/Tloc/Air  94%        2d17      1%          3
 Stone Arrow              Conj/Erth      82%        3d12      1%          3
 Summon Guardian Golem    Hex/Summ       60%        N/A       1%          3
 Manifold Assault         Tloc           74%        N/A       1%          4
 Summon Lightning Spire   Summ/Air       64%        N/A       1%          4
 Foxfire                  Conj/Fire      76%        2x1d7     2%          1
 Kiss of Death            Conj/Necr      76%        2d11      2%          1
 Magic Dart               Conj           76%        1d6       2%          1
 Necrotise                Necr           76%        1d7       2%          1
 Cigotuvi's Dreadful Rot  Necr/Pois/Air  48%        N/A       2%          2
 Static Discharge         Conj/Air       52%        2-5/arc   2%          2
 Hailstorm                Conj/Ice       30%        3d8       2%          3
 Swiftness                Air            33%        N/A       2%          3
 Leda's Liquefaction      Hex/Erth       20%        N/A       3%          4
 Sublimation of Blood     Necr           19%        N/A       4%          2
 Mephitic Cloud           Conj/Pois/Air  24%        N/A       5%          3
 Dazzling Flash           Conj/Hex       38%        N/A       8%          3
 Inner Flame              Hex/Fire       19%        N/A       8%          3
 Tukima's Dance           Hex            19%        N/A       8%          3
 Airstrike                Air            16%        2d(3-19)  8%          4
 Cause Fear               Hex            9%         N/A       26%         4
 Dispel Undead            Necr           19%        3d11      26%         4
 Olgreb's Toxic Radiance  Pois           19%        N/A       26%         4
 Sticky Flame             Conj/Fire      19%        2d4       26%         4
 Blade Hands              Tmut           37%        N/A       1%          5
 Lee's Rapid Deconstruct  Erth           29%        3d15*     1%          5
 Summon Mana Viper        Hex/Summ       60%        N/A       1%          5
 Irradiate                Conj/Tmut      26%        3d20      2%          5
 Borgnjor's Vile Clutch   Necr/Erth      20%        N/A       10%         5
 Freezing Cloud           Conj/Ice/Air   15%        6-21      24%         5
 Disjunction              Tloc           37%        N/A       24%         8
 Metabolic Englaciation   Hex/Ice        15%        N/A       26%         5
 Haunt                    Necr/Summ      30%        N/A       30%         7
 Spellforged Servitor     Conj/Summ      30%        N/A       30%         7
 Arcjolt                  Conj/Air       13%        1d23      36%         5
 Plasma Beam              Fire/Air       13%        2x1d26    36%         5
 Silence                  Hex/Air        13%        N/A       36%         5
 Storm Form               Tmut/Air       28%        N/A       41%         7
 Iron Shot                Conj/Erth      20%        9d5       45%         6
 Agony                    Necr           19%        N/A       58%         5
 Fireball                 Conj/Fire      9%         3d6       58%         5
 Death Channel            Necr           9%         N/A       99%         6
 Starburst                Conj/Fire      9%         6d5       99%         6
 Orb of Destruction       Conj           9%         9d6       100%        7
 Borgnjor's Revivificati  Necr           9%         N/A       100%        8
 Discord                  Hex            9%         N/A       100%        8
 Ignition                 Fire           9%         3d5       100%        8
 Infestation              Necr           9%         N/A       100%        8
 Lehudib's Crystal Spear  Conj/Erth      20%        10d6      100%        8
 Maxwell's Capacitive Co  Air            16%        ∞         100%        8
 Death's Door             Necr           9%         N/A       100%        9
 Polar Vortex             Ice            20%        N/A       100%        9
 Portal Projectile        Hex/Tloc       Unusable   N/A       N/A         3
 Animate Armour           Summ/Erth      Unusable   N/A       N/A         4
 Animate Dead             Necr           Unusable   N/A       N/A         4
 Simulacrum               Ice/Necr       Unusable   N/A       N/A         6

Dungeon Overview and Level Annotations

Branches:
Dungeon (15/15)            Temple (1/1) D:4            Lair (5/5) D:9
  Swamp (4/4) Lair:2        Snake (4/4) Lair:3        Slime (5/5) Lair:5
    Orc (2/2) D:10            Elf (3/3) Orc:2        Vaults (5/5) D:14
  Crypt (0/3) Vaults:3     Depths (4/4) D:15           Hell (visited)
    Dis (0/7) Hell            Geh (0/7) Hell            Coc (0/7) Hell
    Tar (0/7) Hell            Zot (5/5) Depths:4    Ossuary (visited)
 Bailey (visited)           IceCv (visited)          WizLab (visited)
Gauntlet (visited)

Altars:
Ashenzari
Cheibriados
Dithmenos
Elyvilon
Fedhas
Gozag
Hepliaklqana
Kikubaaqudgha
Makhleb
Nemelex Xobeh
Okawaru
Qazlal
Ru
Sif Muna
Trog
Uskayaw
Vehumet
Wu Jian
Xom
Yredelemnul
Zin
The Shining One
Jiyva
Lugonu

Shops:
D:5 *   D:9 ?*=   D:14 *??   Orc:2 [:!:=   Elf:1 (   Elf:2 ?   Elf:3 !*
Snake:1 =:=   Vaults:4 (*   Depths:1 [   Depths:3 *   Depths:4 (

Portals:
Hell: Depths:1 Depths:2 Depths:3 Depths:4
Abyss: Lair:4 Depths:2 Depths:3 Depths:4
Pandemonium: Depths:2 Depths:3
Ziggurat: Depths:2
Trove: D:11 (give 5 potions of resistance)

Annotations:
Zot:2 exclusions: 2 downstairs, draconian scorcher, draconian stormcaller and 1 more exclusion
Abyss:1 Meadakhi's ghost, master DgEE


Innate Abilities, Weirdness & Mutations

You are a living statue of rough stone.
Your actions are slow, but your melee attacks are powerful.
You are resistant to unholy torment.
Your maximum health is greatly increased.
You are immune to poison.
You have sharp claws.
You have razor-sharp teeth.
You have supernaturally acute eyesight. (SInv)
((You cover ground quickly. (Speed+)))
((Your thick and shaggy fur keeps you warm. (AC +3, rC+)))
Your paws help you pounce on unaware monsters.
You are incapable of wielding weapons or throwing items.
You cannot wear armour.
You gain extra lives every three experience levels.
You have a pair of small horns on your head.
Your flesh is cold resistant. (rC+)
Your body sometimes deteriorates upon taking damage.
You are dopey. (Int -2)
Your flesh is heat resistant. (rF+)
You are frail. (-10% HP)
Potions are less effective at restoring your health.


Message History

The Hell Sentinel gestures at you.
The sphere of damnation explodes!
The damnation engulfs your Orb Guardian!!
Your Orb Guardian dies!
The damnation engulfs the Hell Sentinel.
The Hell Sentinel completely resists.
The damnation engulfs you!!!
Your large abomination disappears in a puff of smoke!
The Hell Sentinel closely misses you.
The Hell Sentinel completely misses you.
The Hell Sentinel hits you!! The Hell Sentinel hits you!
You eviscerate the Hell Sentinel!!! You headbutt the Hell Sentinel!
The Hell Sentinel is moderately wounded.
The Hell Sentinel completely misses you.
The Hell Sentinel closely misses you.
You eviscerate the Hell Sentinel!!! You bite the Hell Sentinel!
The Hell Sentinel is severely wounded.
Your large abomination hits the Hell Sentinel!
You mangle the Hell Sentinel!!
You headbutt the Hell Sentinel, but do no damage.
You bite the Hell Sentinel, but do no damage.
The Hell Sentinel is almost dead.
The Hell Sentinel gestures at you. The iron shot misses you.
The iron shot hits your large abomination!!!
You scratch the Hell Sentinel.
You headbutt the Hell Sentinel, but do no damage.
You claw the Hell Sentinel.
The Hell Sentinel is almost dead.
The Hell Sentinel misses you. x2
Your large abomination hits the Hell Sentinel.
You mangle the Hell Sentinel!!
You kill the Hell Sentinel!
You now have 11812 gold pieces (gained 14).
You swap places.
You swap places.
There is an open door here.
Your large abomination disappears in a puff of smoke!
Your large abomination disappears in a puff of smoke!
There is a staircase leading out of the dungeon here.
You have escaped!

...>........# #...#
##.########## ###...###
#.######## #.......#
#.##.....# ####.......####
##.####.#.###.............###
.#......#...'......⌠(.....'.#
.#####.....##..§.§........#.#
....###.#..#####.......####.#
.##.###.#..# #8......# #.#
.##........# ###...### #.#
.######..#.# #...# #.#
.......#.#.# #...# #.#
######.#.#.########'#### ##.#
#.....#.#...........###..#
#.#.###.##.######.#.....##
#.#....[##.# #...#.#####
#.########.# #.###.#


There were no monsters in sight!

Vanquished Creatures
  the Royal Jelly (Slime:5)
  2 dread liches
  An orb of fire (Zot:5)
  2 ancient liches
  The ghost of Bucoetae the Slayer, a veteran OgBe of Trog (Zot:3)
  3 Killer Klowns (Zot:4)
  Bai Suzhen (Depths:1)
  A curse toe (Zot:3)
  Geryon (Hell)
  5 golden dragons
  Nikola (Depths:1)
  A profane servitor (Abyss:3)
  3 bone dragons
  A shard shrike zombie (Abyss:5)
  A doom hound (Hell)
  2 electric golems
  2 hellephants
  A moon troll (WizLab)
  4 liches
  6 Orb Guardians
  2 Hell Sentinels
  6 tentacled monstrosities
  2 deep elf master archers (Elf:3)
  5 quicksilver dragons
  4 titans
  10 acid blobs
  A deep elf blademaster (Elf:3)
  An Executioner (Zot:3)
  17 tentacled starspawn
  7 death cobs
  5 sphinxes
  6 shadow dragons
  3 tengu reavers
  9 storm dragons
  Roxanne (Snake:3)
  A demonspawn warmonger (Zot:3)
  4 draconian knights
  6 nagarajas
  9 rockslimes
  4 deep elf sorcerers
  Aizul (Snake:2)
  13 azure jellies
  A fenstrider witch (Swamp:1)
  10 vault wardens
  7 frost giants
  3 iron dragons
  6 ghost moths
  6 fire giants
  A balrug (Abyss:4)
  An orc warlord (Vaults:1)
  A draconian shifter (Zot:2)
  6 draconian scorchers
  4 draconian stormcallers
  A deep elf elementalist (Elf:3)
  Louise (Snake:2)
  2 cacodemons (WizLab)
  A broodmother (Depths:2)
  3 war gargoyles
  A spriggan defender (Depths:3)
  18 stone giants
  17 ironbound preservers
  3 draconian annihilators (Zot:2)
  9 quicksilver oozes
  24 very ugly things
  4 green draconians
  A vampire knight (Depths:2)
  A reaper (D:2)
  10 ironbound thunderhulks
  Azrael (Orc:2)
  3 red draconians
  2 black draconians
  3 eleionomae (Swamp:4)
  Nessos (Lair:4)
  3 deep elf demonologists (Elf:3)
  8 white draconians
  6 yellow draconians
  2 lorocyprocas
  9 dire elephants
  4 deep elf annihilators
  An eidolon (Abyss:4)
  4 purple draconians
  A spark wasp (Depths:3)
  2 bunyips
  5 deep elf death magi
  3 crystal guardians
  4 ettins
  A green death (Depths:3)
  10 great orbs of eyes
  A blizzard demon (Hell)
  3 deep elf high priests
  10 ice dragons
  14 yaktaur captains
  An entropy weaver (Vaults:1)
  8 fire dragons
  A shambling mangrove (Swamp:3)
  A hell beast (Hell)
  2 ogre magi
  19 hydras
  5 rakshasas
  3 peacekeepers
  3 spriggan air magi
  19 vault guards
  3 salamander tyrants (Snake:4)
  Erica (D:8)
  A ghost crab (Swamp:1)
  13 ironbound frosthearts
  A spriggan skeleton (Abyss:4)
  9 anacondas
  19 centaur warriors
  23 dancing weapons
  A two-headed ogre (shapeshifter) (Vaults:2)
  2 two-headed ogres
  7 naga warriors
  9 alligators
  A death yak (shapeshifter) (Vaults:4)
  A death scarab (Depths:1)
  2 boulder beetles
  6 deep troll shamans
  14 hell hogs
  10 naga sharpshooters
  3 death yaks
  A titan zombie (Depths:2)
  16 thrashing horrors
  9 deep troll earth magi
  A soul eater (Hell)
  6 shock serpents
  3 orc high priests
  4 spriggan berserkers
  5 hell knights
  A vampire mage (Depths:2)
  16 deep elf knights
  9 wretched stars
  A sun demon (Zot:3)
  2 iron trolls
  A skyshark (Lair:5)
  5 spriggans
  A death drake (Abyss:4)
  A shadow wraith (Abyss:4)
  6 sixfirhies
  4 skeletal warriors
  A storm dragon skeleton (Depths:2)
  An iron giant zombie (Abyss:5)
  8 salamander mystics
  2 goliath frogs
  A spriggan druid (Swamp:4)
  A deep troll (shapeshifter) (Vaults:4)
  13 glowing orange brains
  An orange crystal statue (WizLab)
  5 flayed ghosts
  2 shadow demons
  3 naga ritualists
  2 spatial maelstroms (Abyss:4)
  45 deep trolls
  11 ironbound convokers
  12 deep elf archers
  9 lindwurms
  3 wizards
  4 orc knights
  A bog body (Swamp:2)
  6 phantasmal warriors
  10 swamp dragons
  A golden dragon skeleton (Depths:2)
  5 harpies
  14 necromancers
  22 deep elf pyromancers
  18 deep elf zephyrmancers
  A mana viper (shapeshifter) (Vaults:4)
  5 orc sorcerers
  3 shining eyes
  16 salamanders
  A shadow dragon skeleton (Vaults:1)
  7 mana vipers (Snake:4)
  A glowing shapeshifter (Slime:5)
  A will-o-the-wisp (Swamp:3)
  20 moths of wrath
  25 ugly things
  8 elephants
  3 cyclopes
  A dire elephant zombie (Hell)
  7 guardian serpents
  28 black mambas
  Joseph (D:8)
  11 apocalypse crabs
  10 vault sentinels
  8 eyes of devastation
  3 cane toads (Lair:5)
  11 naga magi
  2 ice statues (IceCv)
  A cane toad (shapeshifter) (Abyss:4)
  5 molten gargoyles (Hell)
  2 torpor snails
  A titan simulacrum (Hell)
  An orange demon (Abyss:5)
  7 rime drakes
  A gargoyle (D:14)
  19 smoke demons
  3 efreet
  An unseen horror (Abyss:4)
  A freezing wraith (Vaults:2)
  2 kobold demonologists
  26 yaktaurs
  A yaktaur zombie (Vaults:1)
  9 komodo dragons
  A hellion (Hell)
  2 tormentors
  A red devil (Depths:2)
  An ice devil (Zot:3)
  6 ancient zymes
  5 guardian mummies
  8 trolls
  2 tengu conjurers (Depths:3)
  A queen bee (D:13)
  4 polar bears
  A bloated husk (Swamp:4)
  3 meliai (D:13)
  3 tyrant leeches
  2 hellwings (Depths:2)
  10 hornets
  A polar bear (shapeshifter) (Depths:4)
  A snapping turtle (shapeshifter) (Vaults:5)
  26 raiju
  28 large abominations
  A raiju (shapeshifter) (D:14)
  12 blink frogs
  5 dream sheep (Lair:5)
  An elf skeleton (Vaults:1)
  A meliai zombie (D:10)
  Sigmund (D:6)
  64 slime creatures
  5 air elementals
  2 water elementals
  A spriggan (shapeshifter) (D:12)
  4 vampires
  6 shadows
  A culicivora (D:10)
  5 wyverns
  41 yaks
  11 wraiths
  9 golden eyes
  5 ynoxinuls
  5 fire elementals
  A dire elephant simulacrum (Abyss:4)
  6 basilisks
  A hog (D:9)
  10 vampire mosquitoes
  8 neqoxecs
  4 redbacks
  6 chaos spawn
  6 steam dragons
  31 nagas
  4 wargs
  8 swamp worms
  3 acid dragons
  6 hell hounds
  2 water moccasins
  A black bear (D:7)
  An ice beast (Abyss:4)
  28 orc warriors
  2 sky beasts (D:7)
  6 swamp drakes
  8 ogres
  20 wolves
  3 boggarts (Vaults:3)
  20 centaurs
  A swamp dragon skeleton (Hell)
  2 phantoms (D:5)
  11 bullfrogs
  4 kobold brigands
  A gnoll sergeant (D:12)
  2 earth elementals
  4 elf zombies
  3 scorpions
  2 human skeletons (Vaults:1)
  10 wights
  2 elephant simulacra (Lair:4)
  3 lindwurm simulacra (IceCv)
  22 killer bees
  9 howler monkeys
  4 electric eels (Lair:2)
  2 crimson imps (Gauntlet)
  6 centaur zombies
  4 komodo dragon simulacra (IceCv)
  5 human zombies
  6 hounds
  32 orc priests
  A jelly (D:5)
  8 small abominations
  2 gnoll boudas
  59 starcursed masses
  An iron imp (Abyss:3)
  6 iguanas
  27 orc wizards
  A sleepcap (D:5)
  2 polar bear simulacra (Lair:4)
  3 hell rats (Hell)
  A wolf simulacrum (Lair:4)
  4 nameless horrors
  A hound zombie (Ossuary)
  3 mummies (Ossuary)
  3 howler monkey zombies (D:10)
  12 gnolls
  5 acid dragon simulacra (IceCv)
  8 adders
  2 shadow imps (D:6)
  3 white imps
  4 ufetubi
  6 steam dragon simulacra (IceCv)
  5 adder zombies (Ossuary)
  2 worms
  4 dart slugs
  95 orcs
  A ball python (D:1)
  5 endoplasms
  3 giant cockroaches (D:3)
  8 hobgoblins
  2 jackals (D:1)
  17 kobolds
  3 quokkas
  6 bats
  3 frilled lizards
  2 gnoll zombies (Ossuary)
  9 goblins
  3 goblin zombies
  3 hobgoblin zombies (Ossuary)
  4 jackal zombies (Ossuary)
  5 kobold zombies (Ossuary)
  An orc zombie (Ossuary)
  5 quokka zombies (Ossuary)
  4 rats
  4 rat zombies
  8 butterflies
  A fire vortex (Orc:2)
  2 lurking horrors (Lair:4)
  2 starspawn tentacles (Abyss:4)
2109 creatures vanquished.

Vanquished Creatures (collateral kills)
  The ghost of Ytolar the Conqueror, a legendary DsFi of Jiyva (Zot:3)
  9 dread liches
  3 ancient liches (Zot:5)
  Mara (Depths:1)
  4 orbs of fire
  Vv (Depths:4)
  Saint Roka (Vaults:4)
  Boris (Vaults:4)
  7 Killer Klowns
  6 golden dragons
  3 bone dragons
  2 electric golems
  A Brimstone Fiend (D:4)
  2 pandemonium lords
  A doom hound (Hell)
  24 Orb Guardians
  11 tentacled monstrosities
  A deep elf blademaster (Elf:3)
  A walking divine tome (Depths:3)
  2 liches
  3 titans (Vaults:5)
  7 eldritch tentacles
  2 walking frostbound tomes (Depths:3)
  6 death cobs
  3 quicksilver dragons
  5 Executioners
  9 acid blobs
  5 tentacled starspawn
  4 sphinxes
  A tengu reaver (Vaults:5)
  3 shadow dragons
  10 azure jellies
  6 storm dragons
  7 draconian monks
  Donald (Snake:1)
  2 draconian knights
  13 rockslimes
  2 deep elf sorcerers
  4 fire giants
  An iron dragon (Depths:3)
  A ghost moth (Zot:2)
  6 frost giants
  4 balrugs
  8 vault wardens
  6 draconian scorchers
  3 draconian shifters
  8 ironbound preservers
  An angel (Abyss:4)
  2 draconian annihilators
  4 deep elf elementalists
  An orc warlord (Vaults:4)
  A draconian stormcaller (Zot:4)
  A reaper (Hell)
  10 quicksilver oozes
  12 stone giants
  A war gargoyle (Vaults:4)
  20 very ugly things
  An ironbound thunderhulk (Vaults:1)
  2 deep elf demonologists (Elf:3)
  An eleionoma (Swamp:4)
  6 green draconians
  8 black draconians
  5 white draconians
  13 yellow draconians
  2 dire elephants
  A minotaur (Gauntlet)
  4 bunyips
  9 purple draconians
  3 deep elf annihilators (Elf:3)
  4 red draconians
  A deep elf death mage (Elf:3)
  2 fire dragons
  Josephine (D:15)
  3 yaktaur captains
  The ghost of Gimmyonatz the Nimble, a journeyman MiFi of Okawaru (Lair:3)
  A deep elf high priest (Vaults:5)
  8 ettins
  10 great orbs of eyes
  4 ice dragons
  10 hydras
  A spriggan air mage (Depths:3)
  2 boulder beetles
  11 vault guards
  4 ironbound frosthearts
  4 anacondas
  7 dancing weapons (Elf:2)
  A deep troll shaman (Depths:2)
  2 centaur warriors
  An alligator (Swamp:3)
  4 thrashing horrors
  13 two-headed ogres
  2 naga warriors
  3 deep troll earth magi
  A spriggan berserker (Depths:3)
  5 hell knights
  3 deep elf knights (Elf:2)
  A naga sharpshooter (Snake:3)
  A goliath frog (Swamp:2)
  11 sun demons
  2 salamander mystics
  4 iron trolls
  2 wretched stars (Abyss:4)
  2 shadow wraiths (Abyss:4)
  A spatial maelstrom (Abyss:4)
  20 deep trolls
  2 glowing orange brains (Vaults:3)
  A cherub (D:5)
  A sixfirhy (D:4)
  A skeletal warrior (D:11)
  2 spriggan druids (Swamp:4)
  7 ironbound convokers
  A phantasmal warrior (Vaults:5)
  A naga ritualist (Snake:1)
  2 necromancers
  A lindwurm (Snake:4)
  3 mana vipers
  13 large abominations
  5 orc knights
  A steelbarb worm (shapeshifter) (D:15)
  A deep elf pyromancer (Elf:2)
  A wolf spider (D:12)
  An anaconda skeleton (Hell)
  2 orc sorcerers (Orc:2)
  7 ugly things
  3 deep elf zephyrmancers (Elf:2)
  A cyclops (shapeshifter) (Abyss:4)
  A faun (shapeshifter) (D:14)
  3 will-o-the-wisps
  An iron dragon skeleton (Abyss:5)
  5 salamanders
  3 elephants
  6 shining eyes
  8 vault sentinels
  6 moths of wrath
  A worldbinder (Abyss:4)
  A cyclops (D:13)
  5 eyes of devastation
  8 black mambas
  69 slime creatures
  A guardian serpent (Snake:2)
  A smoke demon (Hell)
  2 naga magi
  A rust devil (Depths:3)
  4 orange demons
  2 efreet
  2 freezing wraiths
  2 komodo dragons
  A rime drake (Lair:5)
  3 ancient zymes (Abyss:4)
  3 harpy zombies (Hell)
  4 yaktaurs
  2 guardian mummies (Zot:4)
  3 ice devils
  A red devil (Depths:3)
  7 trolls
  A hydra zombie (Hell)
  A hellwing (D:4)
  2 tyrant leeches
  A bloated husk (Swamp:1)
  5 hornets
  4 raiju (Abyss:4)
  2 blink frogs (Lair:4)
  A blink frog (shapeshifter) (D:14)
  2 dream sheep (Lair:5)
  A culicivora (D:10)
  An ettin zombie (Abyss:5)
  An air elemental (Abyss:4)
  A culicivora (shapeshifter) (D:14)
  A water elemental (Depths:4)
  4 ynoxinuls
  23 starcursed masses
  3 wraiths
  6 spriggans
  3 yaks
  11 golden eyes
  A fire elemental (Orc:2)
  5 vampire mosquitoes
  3 basilisks
  4 neqoxecs
  A chaos spawn (Abyss:5)
  8 nagas
  2 wargs
  4 swamp worms
  An acid dragon (Lair:5)
  3 swamp drakes
  A floating eye (Slime:2)
  3 hell hounds
  A black bear (shapeshifter) (D:15)
  9 small abominations
  A human zombie (Vaults:1)
  4 ogres
  3 orc warriors (Orc:2)
  2 centaurs (D:12)
  2 wolves (Lair:3)
  A nameless horror (Depths:3)
  A scorpion (Snake:1)
  2 wights (Abyss:4)
  5 killer bees
  A komodo dragon simulacrum (IceCv)
  A jelly (Abyss:4)
  4 orc priests (Orc:2)
  2 iron imps (Abyss:4)
  An iguana (Lair:5)
  9 orc wizards
  2 hell rats (Hell)
  2 gnolls (D:4)
  An acid dragon simulacrum (IceCv)
  A steam dragon simulacrum (IceCv)
  15 orcs
  A snaplasher vine (Zot:5)
  5 starspawn tentacles
872 creatures vanquished.

Vanquished Creatures (others)
  An ancient lich (Zot:5)
  An Orb Guardian (D:1)
  128 eldritch tentacles
  A tentacled starspawn (Abyss:4)
  A storm dragon (Zot:5)
  A deep elf sorcerer (Elf:3)
  An iron dragon (Vaults:5)
  A draconian annihilator (Zot:5)
  An ironbound preserver (Vaults:5)
  A stone giant (Depths:1)
  2 red draconians
  A deep elf death mage (Elf:3)
  2 spriggan air magi
  A vault guard (Vaults:5)
  A thrashing horror (Abyss:4)
  A deep elf knight (Elf:2)
  A sixfirhy (Abyss:4)
  A goliath frog (Swamp:4)
  A wizard (Vaults:4)
  A large abomination (Abyss:4)
  A shining eye (Abyss:4)
  A deep elf zephyrmancer (Elf:2)
  A naga mage (Snake:2)
  4 bloated husks
  A raiju (Abyss:4)
  3 slime creatures (Vaults:2)
  2 ynoxinuls (Abyss:4)
  A golden eye (Abyss:4)
  A warg (Elf:1)
  A naga (Snake:4)
  A nameless horror (Swamp:1)
  5 small abominations (Abyss:4)
  2 starcursed masses (Abyss:4)
  An orc (Elf:1)
  5 demonic plants (WizLab)
  21 foxfires
  37 fungi
  3 lurking horrors (Abyss:4)
  61 plants
  18 snaplasher vines
  43 starspawn tentacles
  8 withered plants (D:10)
370 creatures vanquished.

Grand Total: 3351 creatures vanquished

Notes
Turn   | Place    | Note
-------+----------+-------------------------------------------
     0 | D:5      | Khashishi the Felid Delver began the quest for the Orb.
     0 | D:5      | Reached XP level 1. HP: 10/10 MP: 2/2
    21 | D:5      | Noticed a jelly
    24 | D:5      | Reached skill level 3 in Dodging
    33 | D:5      | Killed a jelly
    34 | D:5      | Reached XP level 2. HP: 14/14 MP: 3/3
    34 | D:5      | Reached XP level 3. HP: 17/17 MP: 4/4
    38 | D:5      | Noticed a phantom
    73 | D:5      | Found a sand-covered staircase.
    88 | Ossuary  | Entered an ossuary
   338 | Ossuary  | Reached skill level 4 in Dodging
   338 | Ossuary  | Reached XP level 4. HP: 17/21 MP: 5/5
   541 | Ossuary  | Reached XP level 5. HP: 15/24 MP: 6/6
   838 | Ossuary  | Reached skill level 5 in Dodging
   917 | Ossuary  | Gained mutation: You are covered in thick fur. (AC +2)
                  | [Felid growth]
   917 | Ossuary  | Reached XP level 6. HP: 27/28 MP: 7/7
  1072 | D:5      | Noticed a steam dragon
  1078 | D:5      | Killed from afar by a steam dragon
  1079 | D:5      | Reached XP level 5. HP: -9/24 MP: 6/6
  1114 | D:3      | Identified the +1 robe of Keebos {Regen+ rCorr Str-3}
  2432 | D:3      | Found an ancient bone altar of Kikubaaqudgha.
  2562 | D:3      | Identified the ring of Maigg {rC+ Will+ rCorr Slay-6}
  2831 | D:3      | Found a stormy altar of Qazlal.
  2832 | D:3      | Noticed a water elemental
  2835 | D:3      | Noticed a fire elemental
  2836 | D:3      | Noticed an air elemental
  3448 | D:5      | Noticed an ogre
  3453 | D:5      | Killed an ogre
  3454 | D:5      | Reached skill level 6 in Dodging
  3454 | D:5      | Reached XP level 6. HP: 28/28 MP: 7/7
  3660 | D:4      | Found a staircase to the Ecumenical Temple.
  3669 | Temple   | Entered the Ecumenical Temple
  3868 | Temple   | Became a worshipper of Gozag Ym Sagoz the Greedy
  4426 | D:4      | Learned a level 3 spell: Ozocubu's Armour
  4600 | D:4      | Found an ornate altar of the Wu Jian Council.
  4711 | D:4      | Reached skill level 5 in Unarmed Combat
  4755 | D:5      | Reached XP level 7. HP: 31/31 MP: 8/8
  4767 | D:5      | Found Esaw Reskagi's Overcharged Wands.
  4905 | D:5      | Reached skill level 1 in Ice Magic
  4925 | D:5      | Reached skill level 7 in Dodging
  5052 | D:6      | Noticed Sigmund
  5122 | D:6      | Killed Sigmund
  5129 | D:6      | Reached skill level 10 in Stealth
  5129 | D:6      | Reached XP level 8. HP: 34/34 MP: 9/9
  5202 | D:5      | Reached skill level 8 in Dodging
  5787 | D:7      | Reached skill level 1 in Evocations
  6097 | D:6      | Reached XP level 9. HP: 37/37 MP: 10/10
  6262 | D:5      | Bought a wand of paralysis (18) for 648 gold pieces
  6558 | D:6      | Reached skill level 9 in Dodging
  6881 | D:5      | Reached skill level 1 in Spellcasting
  7027 | D:7      | Found a blossoming altar of Fedhas.
  7581 | D:7      | Reached skill level 10 in Dodging
  7619 | D:7      | Reached skill level 5 in Evocations
  8389 | D:8      | Noticed Joseph
  8393 | D:8      | Noticed Erica
  8400 | D:8      | Killed Joseph
  8401 | D:8      | Reached XP level 10. HP: 42/42 MP: 12/12
  8416 | D:8      | Killed Erica
  8500 | D:5      | Bought a wand of flame (40) for 420 gold pieces
  8648 | D:8      | Reached skill level 11 in Dodging
  9237 | D:9      | Found a shadowy altar of Dithmenos.
  9254 | D:9      | Found a staircase to the Lair.
  9882 | D:9      | Reached skill level 5 in Fighting
 10204 | D:9      | Found a hazy altar of Hepliaklqana.
 10584 | Lair:1   | Entered Level 1 of the Lair of Beasts
 10617 | Lair:1   | Reached skill level 12 in Dodging
 10734 | Lair:1   | Noticed a torpor snail
 10785 | Lair:1   | Reached XP level 11. HP: 47/47 MP: 10/13
 10811 | Lair:1   | Learned a level 3 spell: Call Canine Familiar
 10958 | Lair:1   | Reached skill level 1 in Summonings
 11817 | Lair:1   | Reached skill level 10 in Unarmed Combat
 11967 | Lair:2   | Noticed a death yak
 11967 | Lair:2   | Noticed a death yak
 11967 | Lair:2   | Noticed a death yak
 11967 | Lair:2   | Noticed a death yak
 11971 | Lair:1   | Killed a death yak
 12011 | Lair:2   | Reached skill level 13 in Dodging
 12125 | Lair:2   | Noticed an eight-headed hydra
 12129 | Lair:2   | Noticed a four-headed hydra
 12164 | Lair:2   | Killed a death yak
 12227 | Lair:1   | Killed a death yak
 12299 | Lair:2   | Killed an eight-headed hydra
 12300 | Lair:2   | a death yak changed into a slime creature
 12436 | Lair:2   | Noticed a seven-headed hydra
 12509 | Lair:2   | Killed a seven-headed hydra
 12846 | Lair:2   | Gained mutation: Your thick and shaggy fur keeps you warm.
                  | (AC +3, rC+) [Felid growth]
 12846 | Lair:2   | Reached XP level 12. HP: 50/51 MP: 8/14
 12937 | Lair:2   | Found a staircase to the Swamp.
 13646 | D:5      | Bought a wand of flame (40) for 420 gold pieces
 13646 | D:5      | Bought a wand of polymorph (18) for 378 gold pieces
 13746 | D:10     | Entered Level 10 of the Dungeon
 13746 | D:10     | Found a snail-covered altar of Cheibriados.
 13755 | D:10     | Noticed Sonja
 13757 | D:10     | Sonja changed into Sonja the hog
 13757 | D:10     | Noticed Sonja
 13777 | D:9      | Killed Sonja the hog
 13987 | D:10     | Noticed a two-headed ogre
 13989 | D:10     | Found a glowing golden altar of the Shining One.
 13990 | D:10     | Found a burning altar of Makhleb.
 14006 | D:10     | Found a flagged portal.
 14031 | Bailey   | Entered a bailey
 14418 | Bailey   | Reached skill level 14 in Dodging
 14569 | Bailey   | Identified the +10 longbow of Leuf {freeze, Str+3}
 14596 | D:10     | Learned a level 4 spell: Petrify
 14704 | D:10     | Found a shimmering blue altar of Sif Muna.
 15039 | D:10     | Reached skill level 10 in Evocations
 15164 | D:10     | Found a sparkling altar of Nemelex Xobeh.
 16106 | Lair:3   | Found a staircase to the Snake Pit.
 16209 | Lair:3   | Noticed a seven-headed hydra
 16377 | Lair:3   | Found a runed translucent gate.
 16377 | Lair:3   | Found a runed translucent gate.
 16377 | Lair:3   | Found a runed translucent gate.
 16377 | Lair:3   | Noticed Gimmyonatz's ghost (journeyman MiFi)
 16406 | Lair:3   | Reached skill level 15 in Dodging
 16427 | Lair:3   | Found a gate leading to a gauntlet.
 16438 | Gauntlet | Entered a Gauntlet
 16438 | Gauntlet | Found a transporter.
 16438 | Gauntlet | Found a runed translucent door.
 16438 | Gauntlet | Found a transporter.
 16440 | Gauntlet | Found a transporter.
 16440 | Gauntlet | Found a transporter.
 16442 | Gauntlet | Found a runed translucent door.
 16443 | Gauntlet | Found a transporter.
 16481 | Gauntlet | Found a transporter.
 16483 | Gauntlet | Found a transporter.
 16483 | Gauntlet | Found a transporter.
 16499 | Gauntlet | Found a transporter.
 16514 | Gauntlet | Found a transporter.
 16524 | Gauntlet | Found a transporter.
 16531 | Gauntlet | Found a transporter.
 16574 | Gauntlet | Found a transporter.
 16575 | Gauntlet | Noticed a catoblepas
 16592 | Gauntlet | Found a transporter.
 16677 | Gauntlet | Gained mutation: You have hidden genetic defects. [potion
                  | of mutation]
 16677 | Gauntlet | Gained mutation: You are partially covered in iridescent
                  | scales. (AC +2) [potion of mutation]
 16822 | Gauntlet | Reached skill level 1 in Transmutations
 16825 | Gauntlet | Reached skill level 1 in Earth Magic
 16826 | Gauntlet | Identified the ring of Isoviqa {Fly rElec rCorr Slay+2}
 16859 | Gauntlet | Identified the +0 flail "Deaxuub" {elec, +Blink}
 16859 | Gauntlet | Noticed a minotaur
 16870 | Gauntlet | Killed a minotaur
 16871 | Gauntlet | Reached XP level 13. HP: 12/54 MP: 12/17
 16872 | Gauntlet | Identified the staff of conjuration "Deetoc" {rPois Will-
                  | Str+2 SInv}
 16873 | Gauntlet | Got the Guidebook on Allied Poisoning
 16883 | Gauntlet | Learned a level 4 spell: Summon Ice Beast
 17058 | Lair:3   | Found a runed translucent door.
 17204 | Lair:2   | Gained mutation: You sometimes lose your temper in combat.
                  | [hidden defects]
 17205 | Lair:2   | Lost mutation: You sometimes lose your temper in combat.
                  | [potion of mutation]
 17205 | Lair:2   | Lost mutation: You are partially covered in iridescent
                  | scales. (AC +2) [potion of mutation]
 17205 | Lair:2   | Lost mutation: You have hidden genetic defects. [potion of
                  | mutation]
 17205 | Lair:2   | Gained mutation: Your flesh is heat resistant. (rF+)
                  | [potion of mutation]
 17205 | Lair:2   | Gained mutation: You have a pair of small horns on your
                  | head. [potion of mutation]
 17882 | Lair:4   | Found a corrupted altar of Lugonu.
 17887 | Lair:4   | Found a one-way gate to the infinite horrors of the Abyss.
 18042 | Lair:4   | Found a frozen archway.
 18148 | Lair:4   | Identified the +0 scale mail of Yrrozet {Slay+3}
 18153 | IceCv    | Entered an ice cave
 19357 | IceCv    | Noticed a white draconian
 19435 | IceCv    | Reached skill level 5 in Summonings
 19436 | IceCv    | Killed a white draconian
 19729 | Lair:4   | Identified a scroll of acquirement
 19729 | Lair:4   | Acquired a manual of Transmutations
 19990 | Lair:4   | Reached skill level 5 in Ice Magic
 20356 | Lair:4   | Noticed Nessos
 20382 | Lair:4   | Killed Nessos
 20663 | Lair:5   | Entered Level 5 of the Lair of Beasts
 20685 | Lair:5   | Identified the +3 leather armour of Magic {Regen+}
 20831 | Lair:5   | Found a staircase to the Slime Pits.
 21025 | Lair:5   | Reached skill level 16 in Dodging
 21665 | Lair:5   | Reached XP level 14. HP: 46/58 MP: 8/22
 21674 | Lair:5   | Learned a level 6 spell: Summon Cactus Giant
 22568 | D:10     | Reached skill level 5 in Spellcasting
 22745 | D:10     | Found a staircase to the Orcish Mines.
 23181 | Orc:1    | Entered Level 1 of the Orcish Mines
 23296 | Orc:1    | Noticed Erolcha
 23465 | Orc:1    | Erolcha changed into Erolcha the killer bee
 23465 | Orc:1    | Noticed Erolcha
 23474 | Orc:1    | Killed Erolcha the killer bee
 23816 | Orc:2    | Entered Level 2 of the Orcish Mines
 23936 | Orc:2    | Found Duuhimu's Jewellery Emporium.
 24128 | Orc:2    | Bought the amulet "Kempah" {rF++ rN+ Regen+} for 763 gold
                  | pieces
 24610 | Orc:2    | Noticed Azrael
 24708 | Orc:2    | Killed Azrael
 24850 | Orc:2    | Found Tuaphy's Distillery.
 24850 | Orc:2    | Found Patol's Antique Armour Shop.
 24850 | Orc:2    | Found Iqokhu's Book Shop.
 24853 | Orc:2    | Found Xetoergh's Book Boutique.
 24879 | Orc:2    | Bought a potion of lignification for 42 gold pieces
 24879 | Orc:2    | Bought 2 potions of heal wounds for 140 gold pieces
 25040 | Orc:2    | Found a staircase to the Elven Halls.
 25326 | Orc:2    | Bought a book of the Earth for 540 gold pieces
 25416 | Orc:2    | Bought a potion of curing for 42 gold pieces
 25416 | Orc:2    | Bought a potion of heal wounds for 70 gold pieces
 25416 | Orc:2    | Bought a potion of heal wounds for 70 gold pieces
 25416 | Orc:2    | Bought a potion of curing for 42 gold pieces
 26310 | D:11     | Found a portal to a secret trove of treasure.
 27396 | D:12     | Reached skill level 17 in Dodging
 28389 | D:12     | Reached skill level 10 in Summonings
 28442 | D:12     | Reached XP level 15. HP: 61/63 MP: 8/23
 29945 | D:14     | Found Ufetesm's Magic Scroll Boutique.
 29953 | D:14     | Bought a scroll of fear for 68 gold pieces
 29953 | D:14     | Bought a scroll of butterflies for 68 gold pieces
 30110 | D:14     | Found a gate to the Vaults.
 30654 | D:15     | Entered Level 15 of the Dungeon
 31251 | D:15     | Reached skill level 5 in Transmutations
 31448 | D:15     | Found a staircase to the Depths.
 31954 | D:15     | Noticed Josephine
 31963 | D:15     | Killed Josephine
 32260 | Swamp:1  | Entered Level 1 of the Swamp
 32502 | D:5      | Bought a wand of flame (40) for 420 gold pieces
 32689 | Swamp:1  | Noticed a fenstrider witch
 32715 | Swamp:1  | Killed a fenstrider witch
 32975 | Swamp:1  | Reached skill level 5 in Earth Magic
 33179 | Swamp:1  | Identified the +3 leather armour of Bursted Life {Dex+3
                  | Stlth+}
 33179 | Swamp:1  | Identified the +7 hand axe "Seihuaso" {heavy, *Corrode
                  | Str+4 Int+4}
 33199 | Swamp:1  | Acquired a book of Rime
 33206 | Swamp:1  | Learned a level 4 spell: Ice Form
 33427 | Swamp:2  | Noticed a tentacled monstrosity
 33548 | Swamp:2  | Reached XP level 16. HP: 29/66 MP: 11/24
 33736 | Swamp:2  | You are sucked into a shaft and drop 1 floor!
 33740 | Swamp:3  | Found the +7 Spriggan's Knife {stab, EV+4 Stlth+}
 34059 | Swamp:2  | Reached skill level 10 in Transmutations
 34074 | Swamp:2  | Killed a tentacled monstrosity
 34651 | Swamp:4  | Entered Level 4 of the Swamp
 36778 | Swamp:4  | Got a decaying rune of Zot
 36929 | D:9      | Bought a wand of roots (6) for 388 gold pieces
 36996 | Snake:1  | Entered Level 1 of the Snake Pit
 37058 | Snake:1  | Noticed Donald
 37133 | Snake:1  | Killed Donald
 37415 | Snake:1  | Reached XP level 17. HP: 56/70 MP: 15/29
 37422 | Snake:1  | Learned a level 6 spell: Statue Form
 37923 | Snake:1  | Found Duiw Roo's Jewellery Boutique.
 37923 | Snake:1  | Found Hisynoinlo's Book Emporium.
 37924 | Snake:1  | Found Xeujath's Jewellery Boutique.
 37940 | Snake:1  | Upgraded the game from 0.30-a0-913-g9934a0ce24 to
                  | 0.30-a0-918-g0ff054e9dc
 37956 | Snake:2  | You are sucked into a shaft and drop 1 floor!
 38205 | Snake:2  | Noticed Louise
 38210 | Snake:2  | Killed Louise
 38224 | Snake:2  | Noticed Aizul
 38237 | Snake:2  | Killed Aizul
 38868 | Snake:2  | Reached skill level 15 in Transmutations
 39115 | Snake:3  | Noticed Roxanne
 39647 | Snake:3  | Killed Roxanne
 40552 | Snake:4  | Entered Level 4 of the Snake Pit
 41184 | Snake:4  | Reached skill level 15 in Stealth
 41184 | Snake:4  | Reached XP level 18. HP: 73/73 MP: 26/32
 41185 | Snake:4  | Reached skill level 10 in Earth Magic
 41194 | Snake:4  | Got a serpentine rune of Zot
 41364 | Snake:4  | Reached skill level 18 in Dodging
 42002 | D:9      | Bought a scroll of blinking for 120 gold pieces
 42002 | D:9      | Bought a scroll of blinking for 120 gold pieces
 42002 | D:9      | Bought a scroll of vulnerability for 64 gold pieces
 42003 | D:9      | Bought a potion of heal wounds for 135 gold pieces
 42003 | D:9      | Bought a scroll of vulnerability for 108 gold pieces
 42138 | Depths:1 | Entered Level 1 of the Depths
 42154 | Depths:1 | Found a gateway to Hell.
 42209 | Depths:1 | Noticed Bai Suzhen
 42220 | Depths:1 | Killed Bai Suzhen
 42424 | Depths:1 | Noticed Nikola
 42437 | Depths:1 | Killed Nikola
 42486 | Depths:1 | Noticed Mara
 42489 | Depths:1 | Noticed Khashishi's illusion
 42508 | Depths:1 | Noticed Khashishi's illusion
 42519 | Depths:1 | Killed Mara
 43265 | Depths:1 | Found Ragnar's Dragon-Slaying Spoils.
 43608 | Depths:2 | Reached skill level 19 in Dodging
 44042 | Depths:2 | Reached XP level 19. HP: 77/77 MP: 17/33
 44206 | Depths:2 | Found a one-way gate leading to the halls of Pandemonium.
 44453 | Depths:2 | Found a one-way gateway to a ziggurat.
 44590 | Depths:2 | Identified the +1 flail "Parchax" {heavy, Int+4}
 44592 | Depths:2 | Identified the +3 crystal plate armour of Noruskoe {Will+
                  | Str+6}
 44594 | Depths:2 | Identified the +7 hand axe of Severance {holy, rPois Str+6
                  | Dex-3}
 44928 | Depths:3 | Found a corrupted altar of Lugonu.
 45559 | Depths:3 | Found Peec's Pet Rocks.
 45851 | Depths:3 | Learned a level 2 spell: Blink
 45876 | Depths:3 | Reached skill level 1 in Translocations
 46104 | Depths:3 | Reached skill level 10 in Spellcasting
 46104 | Depths:3 | Noticed a hellephant
 46228 | Depths:3 | Reached skill level 5 in Translocations
 46251 | Depths:3 | Killed a hellephant
 46894 | Depths:3 | HP: 2/92 [living spell/iceblast[a walking frostbound tome]
                  | (17)]
 47115 | Vaults:1 | Entered Level 1 of the Vaults
 47293 | Vaults:1 | Learned a level 7 spell: Malign Gateway
 47331 | Vaults:1 | Reached skill level 10 in Translocations
 47786 | Vaults:1 | Reached XP level 20. HP: 81/81 MP: 7/35
 48410 | Vaults:1 | Reached skill level 15 in Translocations
 49192 | Vaults:2 | Reached skill level 15 in Summonings
 50923 | Vaults:3 | Found a magical portal.
 50947 | WizLab   | Entered Lehudib's Moon Base
 51118 | WizLab   | Paralysed by accursed screaming for 1 turns
 51129 | WizLab   | Reached XP level 21. HP: 90/90 MP: 20/37
 51576 | WizLab   | Reached skill level 20 in Dodging
 51578 | WizLab   | Reached skill level 15 in Unarmed Combat
 51912 | WizLab   | Found a transporter.
 52018 | WizLab   | Found a transporter.
 52485 | WizLab   | Got Lehudib's Discursus on Spelunking
 52535 | WizLab   | Reached XP level 22. HP: 94/94 MP: 38/38
 52735 | Vaults:3 | Found a staircase to the Crypt.
 52819 | Vaults:3 | Reached skill level 15 in Evocations
 53015 | Vaults:3 | Reached skill level 21 in Dodging
 53159 | Vaults:3 | Learned a level 3 spell: Vhi's Electric Charge
 53511 | Vaults:4 | Noticed Boris
 53518 | Vaults:4 | Killed Boris
 53604 | Vaults:4 | Noticed Saint Roka
 53659 | Vaults:4 | Killed Saint Roka
 53760 | Vaults:4 | Found Inom's Antique Weapon Shop.
 54694 | Vaults:4 | Reached XP level 23. HP: 98/98 MP: 17/39
 54805 | Vaults:4 | Found Dimo's General Store.
 54886 | Vaults:4 | Bought a wand of paralysis (6) for 187 gold pieces
 54886 | Vaults:4 | Bought a book of the Wilderness for 494 gold pieces
 54886 | Vaults:4 | Bought a scroll of poison for 52 gold pieces
 54886 | Vaults:4 | Bought a potion of curing for 39 gold pieces
 54909 | Vaults:4 | Learned a level 5 spell: Summon Forest
 55250 | Elf:1    | Entered Level 1 of the Elven Halls
 55714 | Elf:1    | Found Ronog's Weapon Shop.
 55817 | Elf:1    | Found a shimmering blue altar of Sif Muna.
 56161 | Elf:2    | Reached skill level 10 in Fighting
 56202 | Elf:2    | Found a runed translucent gate.
 56237 | Elf:2    | Reached skill level 22 in Dodging
 56435 | Elf:2    | Found Gama's Magic Scroll Shop.
 56447 | Elf:2    | Reached skill level 1 in Air Magic
 56696 | Elf:2    | Found a runed translucent gate.
 56715 | Elf:2    | Found a runed translucent gate.
 57560 | Elf:3    | Entered Level 3 of the Elven Halls
 57795 | Elf:3    | Found Dahunnetwe's Assorted Antiques.
 57798 | Elf:3    | Bought a potion of haste for 300 gold pieces
 57798 | Elf:3    | Bought a potion of haste for 300 gold pieces
 57798 | Elf:3    | Bought a scroll of fog for 120 gold pieces
 57982 | Elf:2    | Bought a scroll of teleportation for 36 gold pieces
 57982 | Elf:2    | Bought a scroll of poison for 48 gold pieces
 57982 | Elf:2    | Bought a scroll of magic mapping for 90 gold pieces
 57982 | Elf:2    | Bought 3 scrolls of silence for 342 gold pieces
 57982 | Elf:2    | Bought a scroll of teleportation for 36 gold pieces
 58215 | Elf:3    | Found Vauny's Distillery.
 58219 | Elf:3    | Bought a potion of mutation for 104 gold pieces
 58219 | Elf:3    | Bought a potion of mutation for 104 gold pieces
 58219 | Elf:3    | Bought a potion of heal wounds for 65 gold pieces
 58219 | Elf:3    | Bought a potion of curing for 39 gold pieces
 58219 | Elf:3    | Bought a potion of heal wounds for 65 gold pieces
 58219 | Elf:3    | Bought a potion of might for 52 gold pieces
 58653 | Elf:3    | Identified the ring of the Fiend {Ice Will+}
 58835 | Elf:3    | Identified the staff of cold "Foethral" {rPois rF+ rC+
                  | Str+5 Int-5}
 58892 | Elf:3    | Got the Octavo of Zombies
 58924 | Elf:3    | Identified the +2 great mace of Understanding {venom,
                  | *Noise rElec rPois Will+}
 59164 | D:14     | Bought a potion of curing for 48 gold pieces
 59262 | Vaults:5 | Entered Level 5 of the Vaults
 59303 | Vaults:5 | Reached skill level 23 in Dodging
 59303 | Vaults:5 | Reached XP level 24. HP: 95/105 MP: 36/40
 59445 | Vaults:5 | Identified the amulet of the Empire {Faith Drain rElec rC++
                  | SInv}
 59775 | Vaults:5 | Noticed a dread lich
 59929 | Vaults:4 | Killed a dread lich
 60541 | Vaults:5 | Identified the amulet "Wasis" {Acrobat Fly Will- Regen+
                  | rCorr}
 60554 | Vaults:5 | Identified the +7 falchion "Kaggiss" {heavy, *Rage rPois
                  | Will+}
 60792 | Vaults:5 | Identified the ring "Acycustu" {rPois rF- rN++ Int+6 Dex-2
                  | Slay+4}
 61125 | Vaults:5 | Got a silver rune of Zot
 61343 | Vaults:5 | Identified the +2 scale mail of the Thirsty Villages {rC+
                  | rCorr Str+3 Int-3}
 61357 | Vaults:5 | Identified the +4 whip of Traps {drain, rElec Str+3}
 61702 | Vaults:5 | Identified the +4 arbalest of Defiance {penet, rC+ Str+5
                  | Int-5}
 61705 | Vaults:5 | Identified the +4 hand axe of Pyat {pain, rC+}
 61724 | Vaults:5 | Identified the +3 quick blade of Ru's Righteous Anger
                  | {flame, MP+9 Str+4}
 61726 | Vaults:5 | Identified the +1 eveningstar "Eroefol" {heavy, rElec rN+
                  | Str+3 Dex+4}
 61728 | Vaults:5 | Identified the +7 long sword of Idduu {freeze, *Rage Dex+5
                  | SInv Stlth+}
 61997 | D:14     | Upgraded the game from 0.30-a0-918-g0ff054e9dc to
                  | 0.30-a0-920-g7493c07aab
 62001 | D:14     | Bought a scroll of vulnerability for 60 gold pieces
 62001 | D:14     | Bought a scroll of fog for 60 gold pieces
 62001 | D:14     | Bought a scroll of vulnerability for 60 gold pieces
 62398 | Depths:3 | Reached skill level 24 in Dodging
 62758 | Depths:3 | Identified the amulet "Pypuoxi" {Spirit rPois rC- Dex+4}
 62858 | Depths:4 | Entered Level 4 of the Depths
 63649 | Depths:4 | Noticed Vv
 63662 | Depths:4 | Killed Vv
 63770 | Depths:4 | Found Erekeoseall's Antique Weapon Emporium.
 63885 | Depths:4 | Found a gate to the Realm of Zot.
 63948 | Hell     | Entered the Vestibule of Hell
 63948 | Hell     | Noticed Geryon
 63951 | Hell     | Killed Geryon
 63970 | Hell     | Reached XP level 25. HP: 113/113 MP: 29/41
 64161 | Hell     | Found a gateway to the decaying netherworld of Tartarus.
 64296 | Hell     | Found a gateway to the ashen valley of Gehenna.
 64421 | Hell     | Found a gateway to the Iron City of Dis.
 64501 | Hell     | Found a gateway to the freezing wastes of Cocytus.
 64605 | Depths:4 | Voluntarily entered the Abyss.
 64675 | Abyss:2  | Found a corrupted altar of Lugonu.
 64683 | Abyss:2  | Found a corrupted altar of Lugonu.
 64935 | Abyss:4  | Found a corrupted altar of Lugonu.
 65073 | Abyss:4  | Reached skill level 25 in Dodging
 65206 | Abyss:4  | Paralysed by accursed screaming for 1 turns
 65260 | Abyss:4  | Noticed an ancient lich
 65273 | Abyss:4  | Killed an ancient lich
 65361 | Abyss:4  | Reached skill level 15 in Fighting
 65439 | Abyss:4  | Gained mutation: Potions are less effective at restoring
                  | your health. [a neqoxec]
 65728 | Abyss:4  | Paralysed by accursed screaming for 2 turns
 65745 | Abyss:4  | Paralysed by accursed screaming for 1 turns
 65749 | Abyss:4  | Reached skill level 26 in Dodging
 65773 | Abyss:4  | Reached XP level 26. HP: 57/121 MP: 28/42
 65896 | Abyss:5  | Noticed a dread lich
 65905 | Abyss:5  | Killed a dread lich
 65918 | Abyss:5  | Gained mutation: Your flesh is cold resistant. (rC+) [a
                  | neqoxec]
 65927 | Abyss:5  | Found a corrupted altar of Lugonu.
 65958 | Depths:4 | Escaped the Abyss
 65973 | Depths:4 | Learned a level 8 spell: Summon Horrible Things
 66471 | Slime:1  | Entered Level 1 of the Pits of Slime
 67841 | Slime:4  | Reached skill level 27 in Dodging
 68806 | Slime:5  | Entered Level 5 of the Pits of Slime
 68831 | Slime:5  | Noticed the Royal Jelly
 69021 | Slime:5  | Found a viscous altar of Jiyva.
 69416 | Slime:5  | Killed the Royal Jelly
 69462 | Slime:5  | Identified the staff of death "Cuzaagongi" {rN+ Int-5
                  | Dex+5}
 69525 | Slime:5  | Got a slimy rune of Zot
 69566 | Slime:5  | Identified the +4 morningstar of Pawachel {venom, Fragile
                  | Will+ Str+3 Dex+3}
 70089 | Lair:3   | Killed Gimmyonatz's ghost
 70373 | Zot:1    | Entered Level 1 of the Realm of Zot
 70743 | Zot:1    | Reached skill level 15 in Spellcasting
 70743 | Zot:1    | Reached XP level 27. HP: 129/129 MP: 29/43
 70838 | Zot:1    | Noticed an orb of fire
 70841 | Zot:1    | Gained mutation: You have hidden genetic defects. [an orb
                  | of fire]
 70845 | Zot:1    | Killed an orb of fire
 72042 | Zot:2    | Gained mutation: You are dopey. (Int -2) [hidden defects]
 72164 | Zot:2    | You are sucked into a shaft and drop 2 floors!
 72422 | Zot:3    | Gained mutation: You are frail. (-10% HP) [hidden defects]
 72422 | Zot:3    | Lost mutation: You have hidden genetic defects. [hidden
                  | defects expressed]
 72743 | Zot:3    | Learned a level 6 spell: Dispersal
 73354 | Zot:2    | Identified the +5 chain mail "Xumofuer" {*Corrode rC++
                  | Will+++ Str+3}
 73731 | Zot:3    | Found a transporter.
 73926 | Zot:3    | Found a runed translucent gate.
 73927 | Zot:3    | Found a runed translucent gate.
 73928 | Zot:3    | Found a runed translucent gate.
 73934 | Zot:3    | Found an ancient bone altar of Kikubaaqudgha.
 73934 | Zot:3    | Noticed an ancient lich
 73934 | Zot:3    | Noticed a dread lich
 73935 | Zot:3    | Noticed Bucoetae's ghost (veteran OgBe)
 73935 | Zot:3    | Noticed Meadakhi's ghost (master DgEE)
 73935 | Zot:3    | Noticed Ytolar's ghost (legendary DsFi)
 74386 | Zot:3    | Identified the +4 chain mail "Zecutip" {Will+ rCorr}
 74470 | Zot:3    | Banished Meadakhi's ghost
 74473 | Zot:3    | Killed a dread lich
 74486 | Zot:3    | Killed from afar by an ancient lich
 74539 | Zot:3    | Killed an ancient lich
 74623 | Zot:3    | Killed Bucoetae's ghost
 74661 | Zot:3    | Got Kikubaaqudgha's Anthology of the Crypt
 74668 | Zot:3    | Identified the +2 helmet of the Imbibing Gods {rN+ Str-5
                  | Dex+5}
 74671 | Zot:3    | Identified the ring "Gepyrell" {Fire rCorr Str+2 Dex+3
                  | Stlth+}
 74995 | Zot:3    | Killed Ytolar's ghost
 75073 | Zot:4    | Identified the +0 great mace "Doremiec" {chaos, rN+++ Will+
                  | Int-2 Dex-4}
 75073 | Zot:4    | Found a large runed translucent door.
 75073 | Zot:4    | Found a large runed translucent door.
 75073 | Zot:4    | Found a large runed translucent door.
 75073 | Zot:4    | Found a large runed translucent door.
 75073 | Zot:4    | Found a shimmering altar of Xom.
 75073 | Zot:4    | Found a large runed translucent door.
 75073 | Zot:4    | Found a large runed translucent door.
 75074 | Zot:4    | Found a large runed translucent door.
 75074 | Zot:4    | Found a large runed translucent door.
 75074 | Zot:4    | Identified the +5 triple crossbow of Quuheff Gera {penet,
                  | *Corrode rPois Will++}
 75755 | Zot:4    | Identified the +0 scale mail "Homedwe" {rF- rN+ rCorr}
 75756 | Zot:4    | Identified the +5 chain mail "Amikh" {Regen+}
 76134 | Zot:5    | Entered Level 5 of the Realm of Zot
 76153 | Zot:5    | Noticed an orb of fire
 76160 | Zot:5    | Killed an orb of fire
 76305 | Zot:5    | Noticed an orb of fire
 76309 | Zot:5    | Gained mutation: Your body sometimes deteriorates upon
                  | taking damage. [an orb of fire]
 76322 | Zot:5    | Killed an orb of fire
 76741 | Zot:5    | Noticed a dread lich
 76751 | Zot:5    | Killed a dread lich
 76755 | Zot:5    | Noticed a dread lich
 76758 | Zot:5    | Noticed an orb of fire
 76759 | Zot:5    | Noticed an ancient lich
 76759 | Zot:5    | Killed a dread lich
 76760 | Zot:5    | Noticed a dread lich
 76765 | Zot:5    | Killed a dread lich
 76769 | Zot:5    | Noticed a dread lich
 76769 | Zot:5    | Killed a dread lich
 76769 | Zot:5    | Killed an ancient lich
 76769 | Zot:5    | Killed a dread lich
 76770 | Zot:5    | Noticed an orb of fire
 76780 | Zot:5    | Killed a dread lich
 76788 | Zot:5    | Killed an orb of fire
 76819 | Zot:5    | Noticed a dread lich
 76824 | Zot:5    | Killed a dread lich
 76825 | Zot:5    | Noticed a dread lich
 76831 | Zot:5    | Killed a dread lich
 76837 | Zot:5    | Noticed an ancient lich
 76838 | Zot:5    | Killed an ancient lich
 76839 | Zot:5    | Noticed an orb of fire
 76839 | Zot:5    | Killed an ancient lich
 76863 | Zot:5    | Killed an orb of fire
 77161 | Zot:5    | Upgraded the game from 0.30-a0-920-g7493c07aab to
                  | 0.30-a0-948-g4fa250aae5
 77216 | Zot:5    | Got the Orb of Zot
 77669 | D:10     | Noticed Ciagg the pandemonium lord
 77677 | D:10     | Killed Ciagg the pandemonium lord
 77819 | D:4      | Noticed Woihaebedgh the pandemonium lord
 77824 | D:4      | Killed Woihaebedgh the pandemonium lord
 77853 | D:4      | Noticed Oqiong the pandemonium lord
 77854 | D:4      | Noticed an ancient lich
 77868 | D:3      | Noticed a seraph
 77970 | D:$      | Escaped with the Orb!

Illustrated notes

Levels and vault maps discovered:
D:1:      minmay_arrival_cross, layout_basic
D:2:      minmay_general_purpose_star, layout_rooms
D:3:      layout_loops_corners, nicolae_qazlal_style_of_elements,
          mainiacjoe_overflow_tiny_flanked, grunt_ministairs_11,
          chequers_serial_rivers_micro_c
D:4:      layout_gridville, nzn_wu_jian_council_hall,
          minmay_temple_entry_large_hall, serial_bayou_lagoon_a,
          minmay_pentomino_pile
D:5:      layout_cave_pools, enter_ossuary_4, corexii_leaking_fountain,
          nicolae_shop_overcharged_wands
D:6:      layout_cave_pods, hangedman_minor_gate_pass, uniq_sigmund
D:7:      layout_loops_ring, mainiacjoe_overflow_six_doors_small
D:8:      layout_cave_pods, kennysheep_generic_room_9, uniq_erica, uniq_joseph
D:9:      layout_loops_corners, mainiacjoe_overflow_boulevard,
          lemuel_tele_altar, erik_lair_orcish_takeover
D:10:     layout_loops_ring, mainiacjoe_overflow_catwalk,
          grunt_temple_overflow_open, cheibriados_altar_1, david_orc_5,
          serial_undead, serial_undead_b, serial_undead_b, serial_undead_d,
          serial_undead_e, serial_undead_b, serial_undead_b, serial_undead_c,
          enter_bailey_7, billiards_dpeg, uniq_sonja
D:11:     layout_basic, nicolae_trove_entry_path_of_doom
D:12:     minmay_the_grid_plus [minmay_the_grid_fan, minmay_the_grid_expand,
          minmay_the_grid_aliased_spiral, minmay_the_grid_odd_star,
          minmay_the_grid_prize_four_corners_diamond_b], layout_rooms
D:13:     layout_roguey, minivault_7
D:14:     layout_cave_pods, david_vaults_2, abandoned_shop, serial_shops, shop,
          kennysheep_crisscross
D:15:     hangedman_depths_entry_civil_slaughter, layout_loops_corners,
          uniq_josephine
Temple:   nicolae_temple_bog_church
Lair:1:   layout_small_grid, infiniplex_staircase_pool_2, lemuel_fruit_fields,
          grunt_megastairs_5
Lair:2:   layout_chaotic_city, swamp_mist_pool, disabler_island
Lair:3:   layout_misc_corridors, dummy_snake_entry, gauntlet_entry_generic,
          gammafunk_ghost_hydra_chop, pf_torpor_hydra
Lair:4:   layout_roguey, portal_ice_cave_entry_ice_simulacra,
          amcnicky_altar_lugonu_corruption, uniq_nessos
Lair:5:   guppyfry_lair_end_dragon, layout_gridlike, slime_entry_1
Swamp:1:  layout_basic_swamp, nicolae_swamp_orc_logging_accident
Swamp:2:  layout_basic_swamp, evilmike_swamp_ruin_house_1, swamp_pool2,
          nicolae_swamp_some_circles
Swamp:3:  layout_falls_marsh, evilmike_swamp_ruin_house_4,
          infiniplex_staircase_pool
Swamp:4:  swamp, layout_basic_swamp, swamp_pool4
Snake:1:  layout_rooms, minmay_shop_grove, uniq_donald
Snake:2:  layout_grid_maze, lemuel_fruit_tree, uniq_aizul, uniq_louise
Snake:3:  layout_chambers, nicolae_snake_shapes, uniq_roxanne
Snake:4:  snake_pit_salamanders_mu, layout_grid_maze, statue_in_the_mist_lemuel
Slime:1:  layout_caves, cheibrodos_slime_lost_civilization_7
Slime:2:  layout_caves
Slime:3:  layout_caves, special_room [special_room_jelly]
Slime:4:  layout_caves, nicolae_slime_round_cave
Slime:5
Orc:1:    layout_diamond_mine, mines1_david, uniq_erolcha
Orc:2:    st_orc_mages, layout_caves, serial_shops, shop_statue,
          nicolae_orc_lava_tube, lemuel_statue_altar, mines1_david, uniq_azrael
Elf:1:    layout_geoelf_grid, serial_shops, nicolae_shop_statue_plus,
          basic_altar, minmay_elf_necromancy
Elf:2:    elven_hall_of_blades_hangedman_original
          [nicolae_blade_entry_area_security], layout_loops_ring, serial_shops,
          nicolae_take_the_stairs
Elf:3:    elf_hall, layout_geoelf_grid, serial_shops, nicolae_shop_behind_doors,
          hex_medium, minmay_shop_star
Vaults:1: nicolae_vaults_arrows, hangedman_vaults_corner_blocks, v_misc_26,
          nicolae_vaults_little_squares_4, vaults_room_large_hall,
          nicolae_vaults_hallways_thing, vaults_room_grunt_arrival_ludios,
          nicolae_vaults_specimen_jars, nicolae_vaults_what_the_h,
          vaults_room_corners, v_misc_14, ontoclasm_vaults_chip,
          layout_vaults_big_cross, serial_shops
Vaults:2: grunt_vaults_focal, grunt_vaults_funnel, nicolae_vaults_rhombus_6,
          vaults_room_boxed, hangedman_vaults_nodes,
          nicolae_vaults_border_crossing, v_misc_5, vaults_room_octagon,
          st_octagons_1, nicolae_vaults_network_barrier,
          ontoclasm_vaults_ring_square, nicolae_vaults_little_squares_5,
          layout_vaults_omnibox
Vaults:3: lightli_enter_wizlab_magi_temple, nicolae_vaults_big_angled_halls,
          v_misc_16, minmay_crypt_entry_nasty_monster,
          nicolae_vaults_three_branches, v_misc_8,
          nicolae_vaults_inception_corners, hangedman_vaults_unwind, v_misc_8,
          vaults_dpeg_cross, vaults_mumra_bighexcomb, v_misc_10,
          layout_vaults_maze
Vaults:4: hangedman_vaults_nails, ontoclasm_vaults_chip, vaults_mumra_minichess,
          ontoclasm_vaults_chip, ontoclasm_vaults_loading_screen,
          vaults_room_mumra_shop_pool, nicolae_vaults_little_squares_4,
          ontoclasm_vaults_chip, ontoclasm_vaults_chip, layout_vaults_quadrants,
          serial_shops, nicolae_shop_overgrown_old_shop, uniq_boris,
          uniq_saint_roka
Vaults:5
Depths:1: layout_honeycomb, hell_entry, roderic_lattice_octagonal_star,
          nicolae_shop_dragon_depot, hellmonk_scarab_ruin, serial_bayou_shore_b,
          uniq_bai_suzhen, uniq_nikola, uniq_mara
Depths:2: gammafunk_mikee_crab_dinner, layout_cave_pools, enter_ziggurat_e,
          hell_entry, abyss_entry, grunt_decor_arrowhead,
          rand_demon_pan_entry_1, minmay_starry_boxes
Depths:3: minmay_concentric_multi, layout_honeycomb, abyss_entry_flame_altar,
          grunt_hell_horde, grunt_decor_cap, rand_demon_pan_entry_4,
          eino_small_chamber_without_monster, guppyfry_shop_earth
Depths:4: grunt_zot_entry_gee_three, layout_cave_pools,
          abyss_entry_small_statue_room, serial_shops,
          nicolae_shop_hallway_plus, pf_vacation_house_of_asmodeus,
          nrook_mini_vaults, serial_bayou_shore_a, uniq_vv
Hell
Zot:1:    nicolae_zot_stationary_front, layout_cellular_growth
Zot:2:    lemuel_draconian_sentries, layout_gridlike, nicolae_lava_and_water,
          grunt_ministairs_9, grunt_megastairs_4
Zot:3:    lemuel_halls_of_wrath, layout_gridlike, gammafunk_ghost_crypt,
          st_single_dragon_hoard_1, nicolae_diode_basic
Zot:4:    layout_misc_corridors, hangedman_xom_zot_hilarity
Zot:5:    layout_basic

Skill      XL: |  1  2  3  4  5  6  7  8  9 10 11 12 13 14 15 16 17 18 19 20 21 22 23 24 25 26 27 |
---------------+----------------------------------------------------------------------------------+-----
Dodging        | 3 4 6 7 8 10 12 13 15 16 17 19 20 21 23 24 26 27 | 27.0
Stealth        | 7 8 9 10 11 13 14 15 17 19 20 | 20.0
Unarmed Combat | 3 5 6 8 9 10 11 12 13 14 15 16 19 | 19.0
Ice Magic      | 2 3 4 5 |  5.0
Evocations     | 2 5 7 9 10 12 13 14 15 17 18 21 | 21.6
Spellcasting   | 1 2 4 5 7 9 10 11 12 13 14 15 18 | 18.0
Fighting       | 5 6 9 11 13 15 17 21 | 21.9
Summonings     | 4 6 10 13 14 16 17 18 20 21 | 21.0
Transmutations | 1 8 13 16 | 16.0
Earth Magic    | 1 5 8 9 10 | 10.0
Translocations | 13 16 | 16.0
Air Magic      | 3 |  3.0

Action                     |  1- 3 |  4- 6 |  7- 9 | 10-12 | 13-15 | 16-18 | 19-21 | 22-24 | 25-27 || total
---------------------------+-------+-------+-------+-------+-------+-------+-------+-------+-------++-------
  Melee: Unarmed           |    75 |   285 |   315 |   872 |  1093 |   787 |   806 |   692 |  1169 ||  6094
         Bite              |     8 |    26 |    24 |   146 |   174 |   102 |   165 |   127 |   239 ||  1011
         Punch             |     3 |     9 |    10 |    69 |   124 |    93 |   119 |   108 |   196 ||   731
         Headbutt          |       |       |       |       |   302 |   212 |   289 |   219 |   439 ||  1461
   Cast: Ozocubu's Armour  |       |       |     3 |    61 |    99 |    33 |     9 |     1 |       ||   206
         Call Canine Famil |       |       |       |    62 |    90 |    11 |       |       |       ||   163
         Summon Ice Beast  |       |       |       |       |   138 |    35 |    13 |     9 |     2 ||   197
         Summon Cactus Gia |       |       |       |       |    26 |   125 |    98 |    74 |    46 ||   369
         Ice Form          |       |       |       |       |     2 |    28 |    10 |     1 |     1 ||    42
         Petrify           |       |       |       |       |       |    17 |    16 |     5 |     3 ||    41
         Statue Form       |       |       |       |       |       |    69 |    80 |   145 |   162 ||   456
         Malign Gateway    |       |       |       |       |       |       |    15 |    39 |    84 ||   138
         Blink             |       |       |       |       |       |       |     5 |    17 |     8 ||    30
         Vhi's Electric Ch |       |       |       |       |       |       |       |    54 |    97 ||   151
         Summon Forest     |       |       |       |       |       |       |       |     9 |    67 ||    76
         Summon Horrible T |       |       |       |       |       |       |       |       |    63 ||    63
         Dispersal         |       |       |       |       |       |       |       |       |     3 ||     3
 Invoke: Potion Petition   |       |       |       |     3 |     3 |     5 |     4 |     1 |     8 ||    24
         Call Merchant     |       |       |       |       |       |     3 |       |     2 |       ||     5
         Bribe Branch      |       |       |       |       |       |       |       |       |     1 ||     1
Ability: End Transformatio |       |       |       |       |     1 |     1 |     1 |     1 |     3 ||     7
  Evoke: Wand              |       |       |    10 |    77 |    58 |    54 |     9 |     7 |    13 ||   228
         Condenser vane    |       |       |       |     1 |     4 |     6 |     6 |     7 |     9 ||    33
         Box of beasts     |       |       |       |     1 |     3 |     7 |     5 |     5 |    15 ||    36
         Tin of tremorston |       |       |       |       |     4 |    10 |     7 |     8 |     7 ||    36
         Piece from Xom's  |       |       |       |       |       |       |     3 |    21 |    27 ||    51
         Lightning rod     |       |       |       |       |       |       |       |    10 |    22 ||    32
         Phial of floods   |       |       |       |       |       |       |       |     2 |     2 ||     4
         Horn of Geryon    |       |       |       |       |       |       |       |       |    23 ||    23
         Phantom mirror    |       |       |       |       |       |       |       |       |     6 ||     6
    Use: Scroll            |     1 |     9 |     5 |    12 |    19 |    26 |    14 |    12 |     9 ||   107
         Potion            |       |     1 |     7 |     6 |    10 |    18 |     7 |    16 |    10 ||    75
   Stab: Sleeping          |     7 |    45 |    21 |    25 |    66 |    28 |    33 |    61 |    35 ||   321
         Distracted        |       |     4 |     3 |    13 |    36 |    19 |    15 |    17 |    50 ||   157
         Invisible         |       |       |     8 |     3 |     1 |     6 |       |     2 |       ||    20
         Paralysed         |       |       |     7 |     4 |     4 |       |       |     2 |     3 ||    20
         Petrified         |       |       |       |       |       |     9 |     3 |     1 |     1 ||    14
         Petrifying        |       |       |       |       |       |       |     2 |       |     1 ||     3
         Confused          |       |       |       |       |       |       |       |       |     2 ||     2
 Armour: Skin              |     5 |     9 |    15 |    61 |    89 |   187 |   150 |   132 |   216 ||   864
  Dodge: Dodged            |    54 |   176 |   281 |   939 |  1066 |  1387 |  1234 |  1224 |  2068 ||  8429

Table legend: (Time is in decaauts)
 A = Elapsed time spent in this place.
 B = Non-inter-level travel time spent in this place.
 C = Inter-level travel time spent in this place.
 D = Time resting spent in this place.
 E = Time spent auto-exploring this place.
 F = Levels seen in this place.
 G = Mean time per level.
                   A        B        C        D        E       F      G
               +--------+--------+--------+--------+--------+-----+--------+
         Total |  78795 |  72017 |   6778 |  10980 |  12442 |  64 | 1231.2 |
       Dungeon |  16829 |  14383 |   2446 |   2151 |   3991 |  15 | 1121.9 |
        Temple |    181 |    157 |     24 |      0 |    147 |   1 |  181.0 |
          Lair |   7242 |   6447 |    795 |   1299 |    538 |   5 | 1448.4 |
         Swamp |   3793 |   3552 |    241 |   1057 |    409 |   4 |  948.2 |
     Snake Pit |   5251 |   4946 |    305 |    672 |   1103 |   4 | 1312.8 |
    Slime Pits |   4131 |   3862 |    269 |    128 |   1364 |   5 |  826.2 |
  Orcish Mines |   1998 |   1747 |    251 |    314 |    317 |   2 |  999.0 |
   Elven Halls |   4710 |   4457 |    253 |    362 |    483 |   3 | 1570.0 |
        Vaults |  10510 |   9624 |    886 |   1173 |   2540 |   5 | 2102.0 |
        Depths |   8241 |   7575 |    666 |   1466 |   1254 |   4 | 2060.2 |
          Hell |    736 |    720 |     16 |     95 |      0 |   1 |  736.0 |
           Zot |   8576 |   7954 |    622 |    754 |    254 |   5 | 1715.2 |
         Abyss |   1773 |   1773 |      0 |    135 |      0 |   5 |  354.6 |
       Ossuary |    801 |    801 |      0 |    156 |      0 |   1 |  801.0 |
        Bailey |    486 |    486 |      0 |    132 |      0 |   1 |  486.0 |
      Ice Cave |   1387 |   1387 |      0 |    639 |      0 |   1 | 1387.0 |
        Wizlab |   1646 |   1646 |      0 |    346 |     36 |   1 | 1646.0 |
      Gauntlet |    494 |    494 |      0 |     94 |      0 |   1 |  494.0 |
               +--------+--------+--------+--------+--------+-----+--------+

Top non-repeatable levels by time:
Vaults:4: 3252 daAuts
Depths:3: 2972 daAuts
   Zot:3: 2404 daAuts
Vaults:1: 2122 daAuts
   Zot:2: 2095 daAuts
  Lair:1: 2091 daAuts
 Snake:3: 2018 daAuts
    D:11: 1896 daAuts
Vaults:2: 1894 daAuts
Depths:2: 1836 daAuts
   Elf:2: 1790 daAuts
Depths:1: 1750 daAuts
   Elf:3: 1742 daAuts
Depths:4: 1682 daAuts
Vaults:5: 1676 daAuts
